 Dungeon Crawl Stone Soup version 0.22.1-1-ga44c0e5 (webtiles) character file.

555 Irenicus the Grave Robber (level 7, -2/55 HPs)
             Began as a Deep Dwarf Necromancer on Sept 29, 2018.
             Was an Initiate of Sif Muna.
             Slain by an ogre
             ... wielding a +0 giant club
              (18 damage)
             ... on level 7 of the Dungeon.
             The game lasted 00:18:13 (2371 turns).

Irenicus the Grave Robber (Deep Dwarf Necromancer)  Turns: 2371, Time: 00:18:14

Health: -2/55      AC:  4    Str: 12    XL:     7   Next: 8%
Magic:  1/13       EV: 12    Int: 15    God:    Sif Muna [......]
Gold:   242        SH:  0    Dex: 15    Spells: 6/15 levels left

rFire    . . .     SeeInvis .   a - +0 hand axe
rCold    . . .     Gourm    .   (no shield)
rNeg     . . .     Faith    .   k - +0 leather armour
rPois    .         Spirit   .   j - +0 helmet
rElec    .         Reflect  .   (no cloak)
rCorr    .         Harm     .   (no gloves)
MR       +....                  (no boots)
Stlth    ++........             (no amulet)
HPRegen  0.00/turn              o - ring of flight
MPRegen  0.13/turn              (no ring)

@: non-regenerating
A: damage resistance, heal wounds, sense surroundings 1, no regeneration
a: Heal Wounds, Renounce Religion, Evoke Flight


You were on level 7 of the Dungeon.
You worshipped Sif Muna.
Sif Muna was noncommittal.
You were not hungry.

You visited 2 branches of the dungeon, and saw 8 of its levels.
You also visited: Sewer.

You collected 242 gold pieces.

Inventory:

Hand Weapons
 a - a +0 hand axe (weapon)
 f - a +0 dagger
Missiles
 e - 119 stones (quivered)
Armour
 j - a +0 helmet (worn)
 k - a +0 leather armour (worn)
Jewellery
 o - a ring of flight (left hand)
Wands
 d - a wand of digging (13)
Scrolls
 g - 3 scrolls of identify
 l - a scroll of magic mapping
 n - 2 scrolls of remove curse
Potions
 b - 3 potions of flight
 h - 2 potions of brilliance
 i - 2 potions of haste
 m - a potion of heal wounds
Comestibles
 c - 4 rations


   Skills:
 - Level 2.1 Dodging
 - Level 2.4 Stealth
 + Level 4.7 Spellcasting
 + Level 7.3 Necromancy


You had 6 spell levels left.
You knew the following spells:

 Your Spells              Type           Power        Failure   Level  Hunger
a - Pain                  Necr           ####         1%          1    None
b - Animate Skeleton      Necr           N/A          1%          1    None
c - Animate Dead          Necr           N/A          11%         4    ####...
e - Vampiric Draining     Necr           ####......   3%          3    ###....

Your spell library contained the following spells:

 Spells                   Type           Power        Failure   Level  Hunger
 Regeneration             Chrm/Necr      Unusable     N/A         3    N/A

Dungeon Overview and Level Annotations

Branches:
Dungeon (7/15)             Temple (1/1) D:4

Altars:
Cheibriados
Dithmenos
Fedhas
Hepliaklqana
Kikubaaqudgha
Nemelex Xobeh
Okawaru
Qazlal
Ru
Sif Muna
Trog
Wu Jian
Xom
Yredelemnul
Zin
The Shining One


Innate Abilities, Weirdness & Mutations

You are resistant to damage.
You can heal yourself by infusing magical energy.
You passively map a small area around you.
You do not regenerate.


Message History

The crimson imp blinks!
The ogre misses you.
Casting: Pain (safe; 1% risk of failure)
Confirm with . or Enter, or press ? or * to list all spells.
Aiming: Pain (safe; 1% risk of failure)
Press: ? - help, Shift-Dir - straight line, f/p - ogre
Aim: an ogre, wielding a giant club (severely wounded, chance to defeat MR: The ogre writhes in agony!
Casting: Pain (safe; 1% risk of failure)
Confirm with . or Enter, or press ? or * to list all spells.
You don't have enough magic to cast that spell.
Unknown command.
You hit the ogre.
The ogre is almost dead.
The ogre hits you with a giant club!
* * * LOW HITPOINT WARNING * * *
Okay, then.
You closely miss the ogre.
The ogre is almost dead.
You closely miss the crimson imp. The ogre hits you with a giant club!!
You die...

#. #.# ##.## * * #.*
#ยง###.## , #. #.#.##
#. ######...####* *
###.###.5..5.........
,
....##.####...######
#..##.# ##.## *
#.O##.# #.# * ,
#.@5..# #.. , *
#......# ####
######.# ** .# * .#
** * .# * *.# * * , *


You could see an ogre and a crimson imp.

Vanquished Creatures
  An ogre (D:3)
  A centaur (D:5)
  A scorpion (D:6)
  A jelly (D:5)
  An orc priest (D:6)
  An orc wizard (D:5)
  A worker ant (D:5)
  A hound zombie (D:5)
  3 adders
  A river rat (Sewer)
  An ooze (D:2)
  A worm (D:5)
  A dart slug (D:1)
  11 orcs
  6 giant cockroaches
  4 jackals
  2 quokkas
  A ball python (D:4)
  11 bats
  2 frilled lizards
  4 goblins
  11 kobolds
  10 rats
77 creatures vanquished.

Vanquished Creatures (collateral kills)
  A big kobold (Sewer)
  A hound (D:5)
  A hound zombie (D:5)
  An ooze (D:5)
  A goblin (D:1)
  A hobgoblin (D:1)
  A jackal zombie (D:5)
  A quokka zombie (D:5)
8 creatures vanquished.

Grand Total: 85 creatures vanquished

Notes
Turn   | Place    | Note
-------+----------+-------------------------------------------
     0 | D:1      | Irenicus the Deep Dwarf Necromancer began the quest for the
                  | Orb.
     0 | D:1      | Reached XP level 1. HP: 15/15 MP: 3/3
    30 | D:1      | Learned a level 1 spell: Animate Skeleton
   227 | D:1      | Reached XP level 2. HP: 22/22 MP: 1/5
   367 | D:2      | Reached skill level 5 in Necromancy
   367 | D:2      | Reached XP level 3. HP: 22/28 MP: 0/6
   650 | D:3      | Noticed an ogre
   658 | D:3      | Learned a level 3 spell: Vampiric Draining
   692 | D:3      | Killed an ogre
   692 | D:3      | Reached XP level 4. HP: 23/36 MP: 0/8
   800 | D:2      | Found a sparkling altar of Nemelex Xobeh.
  1202 | D:3      | Reached XP level 5. HP: 29/42 MP: 3/9
  1355 | D:4      | Found a glowing golden altar of the Shining One.
  1424 | D:4      | Found a glowing drain.
  1431 | Sewer    | Entered a sewer
  1505 | Sewer    | Reached skill level 6 in Necromancy
  1514 | Sewer    | Found a glowing silver altar of Zin.
  1616 | D:4      | Found a staircase to the Ecumenical Temple.
  1630 | Temple   | Entered the Ecumenical Temple
  1679 | Temple   | Became a worshipper of Sif Muna the Loreminder
  1797 | D:5      | Entered Level 5 of the Dungeon
  1804 | D:5      | Noticed a centaur
  1820 | D:5      | Killed a centaur
  1820 | D:5      | Reached XP level 6. HP: 38/49 MP: 1/12
  1944 | D:5      | Reached skill level 7 in Necromancy
  2059 | D:5      | Found a glowing silver altar of Zin.
  2119 | D:5      | Learned a level 4 spell: Animate Dead
  2239 | D:6      | Reached XP level 7. HP: 53/55 MP: 3/14
  2371 | D:7      | Slain by an ogre

Skill      XL: |  1  2  3  4  5  6 |
---------------+-------------------+-----
Spellcasting   | 2 3 4 |  4.7
Necromancy     | 5 6 7 |  7.3
Dodging        | |  2.1
Stealth        | |  2.4

Action                   |  1- 3 |  4- 6 |  7- 9 || total
-------------------------+-------+-------+-------++-------
Melee: Dagger            |    31 |    12 |       ||    43
       Unarmed           |     2 |       |       ||     2
       Hand axe          |       |    44 |     6 ||    50
 Cast: Pain              |    38 |    58 |    12 ||   108
       Animate Skeleton  |     5 |     8 |     1 ||    14
       Vampiric Draining |     1 |    16 |     3 ||    20
 Abil: Heal Wounds       |       |       |     1 ||     1
Evoke: Wand              |       |     1 |       ||     1
  Use: Potion            |     2 |     3 |     2 ||     7
       Scroll            |       |     5 |       ||     5
 Stab: Sleeping          |     5 |     2 |       ||     7
  Eat: Chunk             |       |     5 |       ||     5
       Ration            |       |       |     1 ||     1
Armor: Robe              |     7 |     1 |       ||     8
       Leather armour    |       |    15 |     4 ||    19
Dodge: Dodged            |    42 |    58 |    12 ||   112
